 Dungeon Crawl Stone Soup version 0.23-a0-141-g456867d (webtiles) character file.

210 galech the Chopper (level 5, -2/41 HPs)
             Began as a Demonspawn Monk on Aug 31, 2018.
             Slain by a worker ant (6 damage)
             ... on level 4 of the Dungeon.
             The game lasted 00:03:40 (3465 turns).

galech the Chopper (Demonspawn Monk)                Turns: 3465, Time: 00:03:41

Health: -2/41      AC:  7    Str: 12    XL:     5   Next: 56%
Magic:  5/5        EV: 10    Int: 11    God:
Gold:   102        SH:  4    Dex: 16    Spells: 4/4 levels left

rFire    . . .     SeeInvis .   f - +0 war axe
rCold    . . .     Gourm    .   (no shield)
rNeg     + . .     Faith    .   n - +0 scale mail (curse)
rPois    .         Spirit   .   (no helmet)
rElec    .         Reflect  .   r - +0 cloak (curse)
rCorr    .         Harm     .   (no gloves)
MR       .....                  (no boots)
Stlth    +.........             (no amulet)
HPRegen  0.13/turn              l - ring of positive energy
MPRegen  0.09/turn              (no ring)

@: no status effects
A: large bone plates 1
a: no special abilities


You were on level 4 of the Dungeon.
You were very hungry.

You visited 2 branches of the dungeon, and saw 5 of its levels.

You collected 102 gold pieces.

Inventory:

Hand Weapons
 f - a +0 war axe (weapon)
Armour
 n - a cursed +0 scale mail (worn)
 r - a cursed +0 cloak (worn)
Jewellery
 l - a ring of positive energy (left hand)
Scrolls
 d - 2 scrolls of fog {unknown}
 e - 3 scrolls of amnesia {unknown}
 g - a scroll of noise {unknown}
 h - 6 scrolls of identify {unknown}
 i - 3 scrolls of teleportation {unknown}
 k - 3 scrolls of remove curse {unknown}
 m - a scroll of fear {unknown}
 s - a scroll of random uselessness {unknown}
Potions
 a - a potion of lignification {unknown}
 b - a potion of heal wounds {unknown}
 j - a potion of degeneration {unknown}
 o - a potion of curing {unknown}
 p - a potion of flight {unknown}
 q - a potion of agility {unknown}
Comestibles
 c - 12 rations


   Skills:
 + Level 3.6 Fighting
 + Level 4.2 Axes
 + Level 1.8 Armour
 + Level 3.3 Dodging
 + Level 2.4 Stealth


You had 4 spell levels left.
You didn't know any spells.
Your spell library was empty.

Dungeon Overview and Level Annotations

Branches:
Dungeon (4/15)             Temple (1/1) D:4

Altars:
Ashenzari
Cheibriados
Elyvilon
Fedhas
Hepliaklqana
Kikubaaqudgha
Makhleb
Nemelex Xobeh
Qazlal
Ru
Sif Muna
Trog
Vehumet
Wu Jian
Xom
Yredelemnul
Zin
The Shining One


Innate Abilities, Weirdness & Mutations

You are partially covered in large bone plates. (SH +4)


Message History

You hit the worker ant.
The worker ant is moderately wounded.
The worker ant barely misses you.
The worker ant bites you but does no damage.
You hit the worker ant.
The worker ant is heavily wounded.
The worker ant barely misses you.
You barely miss the worker ant.
The worker ant is heavily wounded.
The worker ant barely misses you. x2
You completely miss the worker ant.
The worker ant is heavily wounded.
The worker ant bites you but does no damage.
You closely miss the worker ant.
The worker ant is heavily wounded.
The worker ant bites you but does no damage. x2
You hit the worker ant but do no damage.
The worker ant is heavily wounded.
The worker ant bites you.
You die...

#....≈≈≈≈≈≈≈≈ #...
#..≈≈≈≈≈≈≈≈≈≈ ...
#.≈≈≈≈≈≈≈≈≈≈≈ ..#
##.≈≈≈≈≈≈...≈≈
....##.≈≈≈≈≈≈.>.≈≈ # #.#.
#.≈≈≈≈≈≈...≈≈ #. #..
#..≈≈≈≈≈≈≈≈≈≈ #.###a##
#....≈≈≈≈≈≈≈≈ #....@.#
#......≈≈≈≈≈.
#....(.###..........(.
#....(.+..#...#.#.#.#.
##.....##.####.#.#.#.#
####'#.....#.#.#.#.#.
########.#.#.####.#.#.#.#
........(..............#.
########.###.####.##.###.
#..........##.# #.


You could see a worker ant.

Vanquished Creatures
  A centaur (D:4)
  4 adders
  An ooze (D:2)
  2 worms
  3 dart slugs
  4 leopard geckos
  5 bats
  3 giant cockroaches
  9 goblins
  7 hobgoblins
  9 jackals
  2 quokkas (D:2)
  A ball python (D:2)
  7 frilled lizards
  4 kobolds
  13 rats
75 creatures vanquished.

Vanquished Creatures (others)
  3 toadstools (D:4)
3 creatures vanquished.

Grand Total: 78 creatures vanquished

Notes
Turn   | Place    | Note
-------+----------+-------------------------------------------
     0 | D:1      | galech the Demonspawn Monk began the quest for the Orb.
     0 | D:1      | Reached XP level 1. HP: 18/18 MP: 1/1
   298 | D:1      | Gained mutation: You are partially covered in large bone
                  | plates. (SH +4) [demonic ancestry]
   298 | D:1      | Reached XP level 2. HP: 24/24 MP: 2/2
   428 | D:1      | Reached skill level 3 in Axes
  1065 | D:2      | Reached XP level 3. HP: 23/29 MP: 3/3
  1808 | D:2      | Reached XP level 4. HP: 35/35 MP: 4/4
  2639 | D:3      | Reached skill level 1 in Armour
  3019 | D:4      | Found a staircase to the Ecumenical Temple.
  3029 | Temple   | Entered the Ecumenical Temple
  3445 | D:4      | Noticed a centaur
  3455 | D:4      | Killed a centaur
  3455 | D:4      | Reached skill level 4 in Axes
  3455 | D:4      | Reached XP level 5. HP: 4/41 MP: 5/5
  3465 | D:4      | Slain by a worker ant

Vault maps used:
D:1:      dpeg_arrival_rooms_a, serial_glass, glass_columns_c, glass_columns_b
D:2:      bh_chokoban, nrook_mini_backslash, st_stairs_13, minmay_misc_feat_x
D:3:      first_ration, grunt_ministairs_11
D:4:      cheibrodos_fertilizer, temple_pool_b, minmay_door_square,
          nicolae_ru_great_annihilating_truth
Temple:   hc_temple_tempest_star

Skill      XL: |  1  2  3  4 |
---------------+-------------+-----
Axes           | 3 4 |  4.2
Stealth        | 2 |  2.4
Dodging        | 3 |  3.3
Armour         | 1 |  1.8
Fighting       | |  3.6

Action                   |  1- 3 |  4- 6 || total
-------------------------+-------+-------++-------
Melee: Hand axe          |   138 |   100 ||   238
       War axe           |       |    21 ||    21
 Stab: Sleeping          |     6 |       ||     6
  Eat: Chunk             |     3 |     4 ||     7
Armor: Robe              |    14 |       ||    14
       Scale mail        |    18 |    48 ||    66
Dodge: Dodged            |   103 |    76 ||   179
Block: Other             |    29 |    21 ||    50

Table legend:
 A = Non-vault XP
 B = Vault XP
 C = Vault XP percentage of total XP
 D = Non-vault monster count
 E = Vault monster count
 F = Vault count percentage of total count
                 A         B        C        D         E       F
            +---------+---------+-------+---------+---------+-------
      Total |     293 |       7 |   2.3 |      72 |       3 |   4.0
            +---------+---------+-------+---------+---------+-------
        D:1 |      38 |       0 |   0.0 |      23 |       0 |   0.0
        D:2 |      87 |       2 |   2.2 |      31 |       1 |   3.1
        D:3 |      44 |       5 |  10.2 |      14 |       2 |  12.5
        D:4 |     124 |       0 |   0.0 |       4 |       0 |   0.0
            +---------+---------+-------+---------+---------+-------
